 Dungeon Crawl Stone Soup version 0.27-a0-1137-g3ef0f4ec91 (webtiles) character file.

Game seed: 14587060034447785087

219 senseless the Skirmisher (level 5, -6/43 HPs)
             Began as a Demonspawn Fighter on May 6, 2021.
             Was a Believer of Dithmenos.
             Killed by divine providence
             ... invoked by an orc priest
              (12 damage)
             ... on level 4 of the Dungeon.
             The game lasted 00:08:24 (2945 turns).

senseless the Skirmisher (Demonspawn Fighter)       Turns: 2945, Time: 00:08:25

Health: -6/43      AC:  6    Str: 18    XL:     5   Next: 64%
Magic:  0/5        EV:  7    Int: 11    God:    Dithmenos [**....]
Gold:   75         SH:  9    Dex: 12    Spells: 4/4 levels left

rFire    . . .     SeeInvis .   a - +2 flail
rCold    + . .     Faith    .   c - +0 kite shield
rNeg     . . .     Spirit   +   b - +0 scale mail
rPois    .         Reflect  .   (no helmet)
rElec    .         Harm     .   (no cloak)
rCorr    .         Rampage  .   (no gloves)
Will     .....                  (no boots)
Stlth    ..........             i - amulet of guardian spirit
HPRegen  0.14/turn              p - ring of protection from cold
MPRegen  0.09/turn              (no ring)

@: wreathed by umbra
A: talons 1, spiny 1, clever 1
a: Renounce Religion, Shadow Step


You were on level 4 of the Dungeon.
You worshipped Dithmenos.
Dithmenos was pleased with you.
You visited 1 branch of the dungeon, and saw 4 of its levels.

You collected 75 gold pieces.

Inventory:

Hand Weapons
 a - a +2 flail (weapon)
 j - a +2 dagger of venom
 l - a +0 long sword
Armour
 b - a +0 scale mail (worn)
 c - a +0 kite shield (worn)
 g - a +0 pair of gloves
Jewellery
 i - an amulet of guardian spirit (around neck)
 p - a ring of protection from cold (left hand)
Scrolls
 k - a scroll of identify
Potions
 d - 3 potions of might
 e - 3 potions of curing
 f - 2 potions of flight
 h - a potion of ambrosia


   Skills:
 * Level 4.6 Fighting
 + Level 2.8 Maces & Flails
 + Level 3.5 Armour
 + Level 3.5 Shields


You had 4 spell levels left.
You didn't know any spells.
Your spell library was empty.

Dungeon Overview and Level Annotations

Branches:
Dungeon (4/15)             Temple (0/1) D:4

Altars:
Dithmenos
Gozag
Uskayaw
Vehumet
Xom
Zin

Shops:
D:2 ?   D:3 *


Innate Abilities, Weirdness & Mutations

You have sharp toenails.
You are partially covered in sharp spines.
Your mind is acute. (Int +2)


Message History

Unknown command.
You closely miss the scorpion.
You claw the scorpion, but do no damage.
You feel sick. The scorpion closely misses you.
The scorpion is struck by your spines. The scorpion barely misses you.
You thump the scorpion!
You claw the scorpion, but do no damage.
The scorpion is heavily wounded.
You feel sick. You block the scorpion's attack. The scorpion stings you.
You hit the scorpion. Your kick misses the scorpion.
The scorpion is almost dead.
You feel sick.
You are no longer poisoned.
The scorpion stings you but does no damage.
The orc priest casts a cantrip, but nothing happens.
You block the scorpion's attack.
You hit the scorpion.
The scorpion is almost dead.
You block the scorpion's attack.
The orc priest calls down the wrath of Beogh upon you.
Beogh smites you!
* * * LOW HITPOINT WARNING * * *
Unknown command.
As you read the scroll labelled NOVYGGE LECA, it crumbles to dust.
You feel aware of your surroundings.
You sensed 1 altar.
It was a scroll of magic mapping.
The scorpion is struck by your spines. The scorpion barely misses you.
The orc priest miscasts a cantrip.
You block the scorpion's attack.
Okay, then.
You feel better.
The orc priest looks braver for a moment.
The scorpion stings you.
The orc priest calls down the wrath of Beogh upon you.
Beogh smites you!
* * * LOW HITPOINT WARNING * * *
You block the scorpion's attack.
The orc priest mumbles some strange prayers to Beogh against you.
Beogh smites you!
You die...

,,,,,,,,,,,,,,,,,,,,,,,,,,,,,,,,,
,<,,,,,,,..,,,,,,,,***##,*****,,,
,,,*,****#.#,*,*,*,*,#.#.*,*,*,,,
,,,*,,,,,,..#,*,*,*,#.#.#.*,*+,,,
,,,*,,,,,,,..#,*,*,#.#.#.#,*,*,,,
,,,*,,,..,,,#.#,*,#.#.#.#,#.*,,,,
,,,*,,,...,,.#.#,#.#.#.#,....*,,,
,,,*,*,*#.#.#.#.#.#.#.#+......,,,
,,,*,#,,,#.#.#.#@#.#.#.#.....#.*,
,,,#.#.**,#.#.#.#s#.#.#.......#.*
,,,..#.###+#(#.#.#.#.#.#.#.#.#.#,
,,,...........#.#.#o#.#.#.#.#.#,*
,,,..........#.#.#.#o#.#......?,.
,,,,.........'#.#.#.#.#..#...##..
..,,#........#.#.#.#.#oo..#.#..#,
...,#####.#.#.#.#.#.#.o#..#....#,
....* ##.#.#.#.#.#....##o...#,,


You could see a scorpion, 2 orc priests and 3 orcs.

Vanquished Creatures
  A vampire bat (D:3)
  3 adders
  A worm (D:3)
  2 dart slugs
  3 fire bats (D:3)
  An orc (D:3)
  2 spectral bats (D:3)
  4 ball pythons
  3 bat skeletons (D:3)
  A bat zombie (D:3)
  5 endoplasms
  2 giant cockroaches
  5 goblins
  9 hobgoblins
  2 jackals (D:1)
  8 kobolds
  3 quokkas
  14 bats
  A bat simulacrum (D:3)
  5 rats
75 creatures vanquished.

Notes
Turn   | Place    | Note
-------+----------+-------------------------------------------
     0 | D:1      | senseless the Demonspawn Fighter began the quest for the
                  | Orb.
     0 | D:1      | Reached XP level 1. HP: 18/18 MP: 1/1
   294 | D:1      | Gained mutation: You have sharp toenails. [demonic
                  | ancestry]
   294 | D:1      | Reached XP level 2. HP: 24/24 MP: 2/2
   655 | D:1      | Found a faded altar of an unknown god.
   662 | D:1      | Became a worshipper of Dithmenos the Shadowed
   662 | D:1      | Reached * piety under Dithmenos
   920 | D:2      | Gained mutation: You are partially covered in sharp spines.
                  | [demonic ancestry]
   920 | D:2      | Reached XP level 3. HP: 29/29 MP: 3/3
  1368 | D:2      | Found Deosaim's Magic Scroll Shop.
  1843 | D:3      | Found an opulent altar of Gozag.
  1936 | D:3      | Reached XP level 4. HP: 34/37 MP: 4/4
  1961 | D:3      | Found a hide-covered altar of Uskayaw.
  1998 | D:3      | Found Zin's Purification Station.
  2027 | D:3      | Found a shimmering altar of Xom.
  2181 | D:3      | Found a radiant altar of Vehumet.
  2185 | D:3      | Reached ** piety under Dithmenos
  2255 | D:3      | Reached skill level 4 in Fighting
  2486 | D:3      | Reached XP level 5. HP: 39/43 MP: 5/5
  2867 | D:3      | Gained mutation: Your mind is acute. (Int +2) [potion of
                  | mutation]
  2923 | D:4      | Found a staircase to the Ecumenical Temple.
  2945 | D:4      | Killed from afar by an orc priest

Illustrated notes

Levels and vault maps discovered:
D:1:      dpeg_arrival_concentric_ovals, layout_loops_ring,
          hellmonk_ecumenical_altar_slurped_away
D:2:      layout_basic, serial_shops, shop
D:3:      layout_loops_ring, general_overflow_altar, xom_teletrap_fun,
          zin_purify, lemuel_crystal_altar, nicolae_vehumet_radiance,
          goddamned_bats
D:4:      layout_basic, pdpol_wu_jian_five_deadly_venoms,
          minmay_temple_entry_mini_moons

Skill      XL: |  1  2  3  4 |
---------------+-------------+-----
Maces & Flails | 2 |  2.8
Shields        | 3 |  3.5
Armour         | 3 |  3.5
Fighting       | 4 |  4.6

Action                   |  1- 3 |  4- 6 || total
-------------------------+-------+-------++-------
Melee: Flail             |    85 |    50 ||   135
       Kick              |    15 |    14 ||    29
  Use: Scroll            |     4 |     6 ||    10
       Potion            |       |     2 ||     2
Armor: Scale mail        |    24 |    27 ||    51
Dodge: Dodged            |    19 |    32 ||    51
Block: Kite shield       |    47 |    48 ||    95

Table legend: (Time is in decaauts)
 A = Elapsed time spent in this place.
 B = Non-inter-level travel time spent in this place.
 C = Inter-level travel time spent in this place.
 D = Time resting spent in this place.
 E = Time spent auto-exploring this place.
 F = Levels seen in this place.
 G = Mean time per level.
                   A        B        C        D        E       F      G
               +--------+--------+--------+--------+--------+-----+--------+
         Total |   3013 |   2874 |    139 |      0 |   2454 |   4 |  753.2 |
       Dungeon |   3013 |   2874 |    139 |      0 |   2454 |   4 |  753.2 |
               +--------+--------+--------+--------+--------+-----+--------+

Top non-repeatable levels by time:
     D:3: 1064 daAuts
     D:2: 943 daAuts
     D:1: 924 daAuts
     D:4: 81 daAuts
